 Dungeon Crawl Stone Soup version 0.22-a0-282-gdd34a7d (webtiles) character file.

25 Amnesiac the Magician (level 2, -2/16 HPs)
             Began as a Deep Elf Wizard on Mar 17, 2018.
             Slain by a gnoll
             ... wielding a +0 spear
              (8 damage)
             ... on level 1 of the Dungeon.
             The game lasted 00:02:27 (789 turns).

Amnesiac the Magician (Deep Elf Wizard)              Turns: 789, Time: 00:02:28

Health: -2/16      AC:  2    Str:  4    XL:     2   Next: 82%
Magic:  2/9        EV: 13    Int: 22    God:
Gold:   0          SH:  0    Dex: 13    Spells: 5/10 levels left

rFire    . . .     SeeInvis .   (no weapon)
rCold    . . .     Gourm    .   (no shield)
rNeg     . . .     Faith    .   a - +0 robe
rPois    +         Spirit   .   b - +0 hat
rElec    .         Reflect  .   (no cloak)
rCorr    .         Harm     .   (no gloves)
MR       .....                  (no boots)
Stlth    ++........             (no amulet)
HPRegen  0.05/turn              g - ring of poison resistance
MPRegen  0.11/turn              (no ring)

@: very slightly contaminated
A: no striking features
a: no special abilities


You were on level 1 of the Dungeon.
You were not hungry.

You visited 1 branch of the dungeon, and saw 2 of its levels.

Inventory:

Missiles
 i - 12 sling bullets
Armour
 a - a +0 robe (worn)
 b - a +0 hat (worn)
 c - a +0 pair of gloves
Jewellery
 g - a ring of poison resistance (left hand)
Scrolls
 e - a scroll of random uselessness {!r, unknown}
Potions
 f - a potion of heal wounds {!q, unknown}
 j - a potion of lignification {!q, unknown}
Comestibles
 d - 2 rations
 h - a chunk of flesh


   Skills:
 * Level 1.5 Fighting
 - Level 2.4 Dodging
 - Level 2.4 Stealth
 - Level 4.5 Spellcasting
 + Level 1.9 Conjurations
 - Level 1.1 Summonings
 - Level 1.1 Translocations


You had 5 spell levels left.
You knew the following spells:

 Your Spells              Type           Power        Failure   Level  Hunger
a - Magic Dart            Conj           ##..         4%          1    None
b - Call Imp              Summ           #.......     11%         2    #......
v - Blink                 Tloc           N/A          11%         2    #......


Dungeon Overview and Level Annotations

Branches:
Dungeon (2/15)

Altars:


Message History

Your magical contamination has completely faded away.
You start resting.
Some of the chunks of flesh in your inventory have rotted away.
HP restored.
You start resting.
Magic restored.
The goblin is too close now for your liking.
Casting: Magic Dart (safe; 4% risk of failure)
Confirm with . or Enter, or press ? or * to list all spells.
Aiming: Magic Dart (safe; 4% risk of failure)
Press: ? - help, Shift-Dir - straight line, f - goblin
Aim: a goblin, wielding a dagger (hasn't noticed you)
The magic dart hits the goblin.
You kill the goblin!
A gnoll is nearby!
Casting: Magic Dart (safe; 4% risk of failure)
Confirm with . or Enter, or press ? or * to list all spells.
Aiming: Magic Dart (safe; 4% risk of failure)
Press: ? - help, Shift-Dir - straight line, f - gnoll
Aim: a gnoll, wielding a spear (hasn't noticed you)
The magic dart hits the gnoll.
The gnoll is moderately wounded.
The gnoll shouts!
A gnoll is nearby!
Casting: Magic Dart (safe; 4% risk of failure)
Confirm with . or Enter, or press ? or * to list all spells.
Aiming: Magic Dart (safe; 4% risk of failure)
Press: ? - help, Shift-Dir - straight line, f/p - gnoll
Aim: a gnoll, wielding a spear (moderately wounded)
The magic dart hits the gnoll.
The gnoll is moderately wounded.
A gnoll is nearby!
Casting: Magic Dart (safe; 4% risk of failure)
Confirm with . or Enter, or press ? or * to list all spells.
Aiming: Magic Dart (safe; 4% risk of failure)
Press: ? - help, Shift-Dir - straight line, f/p - gnoll
Aim: a gnoll, wielding a spear (moderately wounded)
The magic dart hits the gnoll.
The gnoll is moderately wounded.
Casting: Magic Dart (safe; 4% risk of failure)
Confirm with . or Enter, or press ? or * to list all spells.
Aiming: Magic Dart (safe; 4% risk of failure)
Press: ? - help, Shift-Dir - straight line, f/p - gnoll
Aim: a gnoll, wielding a spear (moderately wounded)
The magic dart hits the gnoll.
The gnoll is moderately wounded.
Casting: Magic Dart (safe; 4% risk of failure)
Confirm with . or Enter, or press ? or * to list all spells.
Aiming: Magic Dart (safe; 4% risk of failure)
Press: ? - help, Shift-Dir - straight line, f/p - gnoll
Aim: a gnoll, wielding a spear (moderately wounded)
The magic dart hits the gnoll.
The gnoll is heavily wounded.
The gnoll hits you from afar with a spear!
Ouch! That really hurt!
* * * LOW HITPOINT WARNING * * *
Casting: Magic Dart (safe; 4% risk of failure)
Confirm with . or Enter, or press ? or * to list all spells.
You miscast Call Imp.
You are very lightly contaminated with residual magic.
Distant voices call out to you!
The gnoll hits you from afar with a spear!
Ouch! That really hurt!
You die...

#...# ####..####.###......# #..
#...# #........#........<.#####..
#...###..........................
#..............#####......#####..
#...###........# #####..# #..
#...# #####..### #..# #..
#...#######..###########..#####..
#................................
#...............@................
################.################
#g# #.# #.# .# #.# ..#
################.#########?.##
.............................
########..#########........#


You could see a gnoll.

Vanquished Creatures
  An adder (D:2)
  A leopard gecko (D:1)
  2 bats
  2 hobgoblins
  2 jackals (D:1)
  A frilled lizard (D:2)
  3 goblins
  2 kobolds
  2 rats
16 creatures vanquished.

Notes
Turn   | Place    | Note
-------+----------+-------------------------------------------
     0 | D:1      | Amnesiac the Deep Elf Wizard began the quest for the Orb.
     0 | D:1      | Reached XP level 1. HP: 10/10 MP: 7/7
   505 | D:2      | Reached skill level 1 in Fighting
   505 | D:2      | Reached XP level 2. HP: 16/16 MP: 4/9
   509 | D:2      | Learned a level 2 spell: Blink
   512 | D:2      | Learned a level 2 spell: Call Imp
   789 | D:1      | Slain by a gnoll

Vault maps used:
D:1:      dpeg_arrival_boxes_within_box
D:2:      serial_park_tiny_2

Skill      XL: |  1 |
---------------+----+-----
Fighting       | 1 |  1.5
Dodging        | |  2.4
Stealth        | |  2.4
Spellcasting   | |  4.5
Conjurations   | |  1.9
Summonings     | |  1.1
Translocations | |  1.1

Action                   || total
-------------------------++-------
Melee: Unarmed           ||     8
 Cast: Magic Dart        ||    49
Armor: Robe              ||     1
Dodge: Dodged            ||    29

Table legend:
 A = Spawn XP
 B = Non-spawn XP
 C = Spawn XP percentage of total XP
 D = Spawn monster count
 E = Non-spawn monster count
 F = Spawn count percentage of total count
 G = Total turns spent on level
                    A         B        C        D         E        F      G
               +---------+---------+-------+---------+---------+-------+---------
         Total |       0 |      36 |   0.0 |       0 |      16 |   0.0 |   789
               +---------+---------+-------+---------+---------+-------+---------
           D:1 |       0 |      16 |   0.0 |       0 |       9 |   0.0 |   378
           D:2 |       0 |      20 |   0.0 |       0 |       7 |   0.0 |   411
               +---------+---------+-------+---------+---------+-------+---------
